 Dungeon Crawl Stone Soup version 0.30.0-5-g1a98f26d00 (webtiles) character file.

Game seed: 13897533433101608634

152 croobank the Firebug (level 5, -1/37 HPs)
             Began as a Human Fire Elementalist on May 10, 2023.
             Was a Follower of Uskayaw.
             Killed by nerve-wracking pain
             ... invoked by an orc priest
              (8 damage)
             ... on level 3 of the Dungeon.
             The game lasted 00:10:35 (4464 turns).

croobank the Firebug (Human Fire Elementalist)      Turns: 4464, Time: 00:10:36

Health: -1/37      AC:  4    Str:  7    XL:     5   Next: 60%
Magic:  0/8        EV: 13    Int: 16    God:    Uskayaw [*.....]
Gold:   137        SH:  0    Dex: 18    Spells: 3/9 levels left

rFire   . . .        b - +0 sling (freeze)
rCold   . . .        (no shield)
rNeg    . . .        k - +0 robe
rPois   .            l - +0 helmet
rElec   .            (no cloak)
rCorr   .            e - +0 pair of gloves
SInv    .            (no boots)
Will    .....        (no amulet)
Stlth   ++           (no ring)
HPRegen 0.26/turn    (no ring)
MPRegen 0.11/turn

%: no passive effects
@: about to teleport
A: agile 1, wild magic 1
a: Renounce Religion, Stomp


You were on level 3 of the Dungeon.
You worshipped Uskayaw.
Uskayaw was noncommittal.
You visited 1 branch of the dungeon, and saw 3 of its levels.

You collected 137 gold pieces.

Inventory:

Hand Weapons
 a - a +2 short sword of speed
 b - a +0 sling of freezing (weapon)
 j - a +2 dagger of electrocution
 m - a +0 hand axe
Armour
 e - a +0 pair of gloves (worn)
 h - a +0 leather armour
 i - a +0 ring mail
 k - a +0 robe (worn)
 l - a +0 helmet (worn)
 q - the +1 robe of the Original Sin {rPois rN+ Str-4}
   (You found it on level 2 of the Dungeon)

   Str:       It affects your strength (-4).
   rPois:     It protects you from poison.
   rN:        It protects you from negative energy.
Scrolls
 f - a scroll of immolation
 p - a scroll of teleportation
Potions
 c - 2 potions of mutation
 d - 2 potions of curing
 g - a potion of resistance {unknown}
 n - a potion of haste {unknown}
 s - a potion of berserk rage {unknown}
 t - a potion of flight {unknown}
 u - a potion of heal wounds {unknown}


   Skills:
 + Level 1.5 Fighting
 + Level 2.5 Dodging
 + Level 2.8 Stealth
 + Level 2.6 Spellcasting
 + Level 2.0 Conjurations
 + Level 1.0 Hexes
 + Level 3.5 Fire Magic
 + Level 1.2 Invocations


You had 3 spell levels left.
You knew the following spells:

 Your Spells              Type           Power      Damage    Failure   Level
a - Foxfire               Conj/Fire      56%        2x1d6     10%         1
b - Scorch                Fire           34%        2d6       11%         2
c - Inner Flame           Hex/Fire       12%        N/A       30%         3

Your spell library contained the following spells:

 Spells                   Type           Power      Damage    Failure   Level
 Volatile Blastmotes      Fire/Tloc      20%        2d11      36%         3
 Flame Wave               Conj/Fire      14%        2d6       61%         4


Dungeon Overview and Level Annotations

Branches:
Dungeon (3/15)

Altars:
Uskayaw
The Shining One


Innate Abilities, Weirdness & Mutations

You are agile. (Dex +4, Str/Int -1)
Your spells are a little harder to cast, but a little more powerful.


Message History

Confirm with . or Enter, or press ? or * to list all spells.
You conjure some foxfire!
The foxfire hits the orc priest.
The orc priest is lightly wounded.
The foxfire hits the orc.
The orc completely resists.
The orc misses you. The orc priest hits you with a +0 club.
The orc completely misses you. The orc hits you with a +0 club.
Casting: Foxfire (safe; 10% risk of failure)
Confirm with . or Enter, or press ? or * to list all spells.
You conjure some foxfire!
The foxfire hits the orc priest but does no damage.
The orc priest is lightly wounded.
The foxfire hits the orc but does no damage.
The orc hits you from afar with a +0 trident.
The orc priest barely misses you. The orc hits you with a +0 club.
The orc barely misses you.
Your magical contamination has completely faded away.
Casting: Foxfire (safe; 10% risk of failure)
Confirm with . or Enter, or press ? or * to list all spells.
You conjure some foxfire!
The foxfire hits the orc priest.
The orc priest is lightly wounded.
The foxfire hits the orc priest but does no damage.
The orc priest is lightly wounded.
The orc closely misses you.
The orc priest invokes the aid of Beogh against you.
Pain shoots through your body!
* * * LOW HITPOINT WARNING * * *
The orc completely misses you. The orc barely misses you.
Casting: Foxfire (safe; 10% risk of failure)
Confirm with . or Enter, or press ? or * to list all spells.
You don't know that spell.
Unknown command.
As you read the scroll of teleportation, it crumbles to dust.
You feel strangely unstable.
The foxfire hits the orc but does no damage.
The foxfire hits the orc priest but does no damage.
The orc priest is lightly wounded.
The orc completely misses you.
The orc priest calls down the wrath of Beogh upon you.
Pain shoots through your body!
You die...

.......#......# ~~∩.ooo.#
#..##.######..# #.#
.....)# #..# #.# ......#
#..## #.#
.##...######...########.#
..))................)...#
###))#######.(........###
#.............§.oo...#
#.<............@o....#
#.............§.o....#
#..........###########
#..........# #..........#
#..........# #..........#


You could see an orc priest and 3 orcs.

Vanquished Creatures
  2 orc wizards (D:3)
  3 adders
  3 dart slugs
  3 orcs (D:3)
  5 endoplasms
  5 giant cockroaches
  5 goblins
  7 hobgoblins
  10 jackals
  A kobold (D:2)
  2 quokkas (D:1)
  3 ball pythons
  8 bats
  A frilled lizard (D:2)
  5 rats
63 creatures vanquished.

Vanquished Creatures (others)
  131 foxfires
131 creatures vanquished.

Grand Total: 194 creatures vanquished

Notes
Turn   | Place    | Note
-------+----------+-------------------------------------------
     0 | D:1      | croobank the Human Fire Elementalist began the quest for
                  | the Orb.
     0 | D:1      | Reached XP level 1. HP: 13/13 MP: 3/3
   535 | D:1      | Reached XP level 2. HP: 20/20 MP: 1/5
   581 | D:1      | Learned a level 2 spell: Scorch
  1035 | D:1      | Found a faded altar of an unknown god.
  1045 | D:1      | Reached XP level 3. HP: 24/25 MP: 2/6
  1054 | D:1      | Prayed at the altar of an unknown god.
  1054 | D:1      | Became a worshipper of Uskayaw the Reveller
  1054 | D:1      | Reached * piety under Uskayaw
  1609 | D:1      | Learned a level 3 spell: Inner Flame
  2045 | D:2      | Reached ** piety under Uskayaw
  2113 | D:2      | Found a glowing golden altar of the Shining One.
  2314 | D:2      | Reached skill level 1 in Fighting
  2316 | D:2      | Reached XP level 4. HP: 32/32 MP: 2/7
  2386 | D:2      | Gained mutation: You are agile. (Dex +4, Str/Int -1)
                  | [potion of mutation]
  2386 | D:2      | Gained mutation: Your spells are a little harder to cast,
                  | but a little more powerful. [potion of mutation]
  2533 | D:2      | Identified the +1 robe of the Original Sin {rPois rN+
                  | Str-4}
  3471 | D:3      | Reached *** piety under Uskayaw
  3475 | D:3      | Reached **** piety under Uskayaw
  3484 | D:3      | Reached skill level 1 in Invocations
  3484 | D:3      | Reached XP level 5. HP: 14/37 MP: 3/8
  4455 | D:3      | Reached skill level 1 in Hexes
  4464 | D:3      | Killed from afar by an orc priest

Illustrated notes

Levels and vault maps discovered:
D:1:      dpeg_arrival_leaves_temple_mockup, layout_basic,
          hellmonk_ecumenical_altar_run_dry
D:2:      layout_basic, basic_altar
D:3:      layout_basic, kennysheep_flooded_box, hangedman_decor_growths

Skill      XL: |  1  2  3  4  5 |
---------------+----------------+-----
Fighting       | 1 |  1.5
Invocations    | 1 |  1.2
Conjurations   | 2 |  2.0
Hexes          | 1 |  1.0
Dodging        | |  2.5
Stealth        | |  2.8
Spellcasting   | |  2.6
Fire Magic     | |  3.5

Action                     |  1- 3 |  4- 6 || total
---------------------------+-------+-------++-------
  Melee: Unarmed           |    15 |       ||    15
         Short sword       |       |    10 ||    10
         Dagger            |       |     9 ||     9
         Punch             |       |     1 ||     1
   Fire: Sling             |       |    37 ||    37
   Cast: Foxfire           |    58 |    21 ||    79
         Scorch            |     5 |    17 ||    22
    Use: Scroll            |       |     9 ||     9
         Potion            |       |     2 ||     2
   Stab: Paralysed         |       |     1 ||     1
 Armour: Robe              |    11 |    10 ||    21
  Dodge: Dodged            |    19 |    31 ||    50
